 Dungeon Crawl Stone Soup version 0.29-a0-393-g47a863cc1b (webtiles) character file.

Game seed: 13185332192594983168

23492 happo123 the Grappler (level 12, -5/177 HPs)
             Began as a Troll Berserker on May 9, 2022.
             Was a High Priest of Trog.
             Slain by a daeva
             ... wielding a +3 scimitar of holy wrath
              (19 damage)
             ... on level 4 of the Abyss.
             The game lasted 00:45:01 (8648 turns).

happo123 the Grappler (Troll Berserker)             Turns: 8648, Time: 00:45:02

Health: -5/177     AC: 22    Str: 36    XL:     12   Next: 72%
Magic:  21/21      EV: 13    Int: 12    God:    Trog [*****.]
Gold:   1397       SH:  5    Dex: 13    Spells: 11/11 levels left

rFire   . . .      SeeInvis .   Q - +5 war axe (venom)
rCold   . . .      Faith    .   (no shield)
rNeg    . . .      Spirit   .   R - +4 robe of Augmentation {Str+4 Int+4 Dex+4}
rPois   .          Reflect  +   O - +3 hat of Pondering {ponderous, Will+ MP+10 Int+5}
rElec   .          Harm     .   r - +2 cloak
rCorr   .          Rampage  .   (gloves unavailable)
Will    +....                   (boots unavailable)
Stlth   ..........              P - amulet of reflection
HPRegen 1.19/turn               l - +4 ring of protection
MPRegen 0.17/turn               U - +4 ring of protection

@: berserking, glowing, very quick
A: large, unfitting armour, claws 3, regeneration 1, shaggy fur 1, tough skin 1,
horns 1, MP-powered wands
a: Renounce Religion, Berserk, Trog's Hand, Brothers in Arms


You were on level 4 of the Abyss.
You worshipped Trog.
Trog was extremely pleased with you.
You visited 1 branch of the dungeon, and saw 12 of its levels.
You visited the Abyss 1 time.
You also visited: Gauntlet.

You collected 1397 gold pieces.

Inventory:

Hand Weapons
 Q - a +5 war axe of venom (weapon)
Missiles
 M - 2 throwing nets (quivered)
Armour
 r - a +2 cloak (worn)
 y - a scarf of harm
 E - +3 steam dragon scales
 O - the +3 hat of Pondering (worn) {ponderous, Will+ MP+10 Int+5}
   (You took it off Gastronok on level 9 of the Dungeon)

   Int:       It affects your intelligence (+5).
   MP:        It affects your magic capacity (+10).
   Will:      It increases your willpower.
 R - the +4 robe of Augmentation (worn) {Str+4 Int+4 Dex+4}
   (You found it on level 11 of the Dungeon)

   Str:       It affects your strength (+4).
   Int:       It affects your intelligence (+4).
   Dex:       It affects your dexterity (+4).
 S - a +0 troll leather armour
Jewellery
 a - a ring of protection from fire
 c - an amulet of faith
 k - a ring of protection from cold
 l - a +4 ring of protection (left claw)
 G - an amulet of guardian spirit
 P - an amulet of reflection (around neck)
 T - an amulet of regeneration
 U - a +4 ring of protection (right claw)
Wands
 q - a wand of iceblast (16)
 A - a wand of flame (39)
 C - a wand of paralysis (7)
 J - a wand of charming (10)
 K - a wand of polymorph (7)
 W - a wand of acid (4)
 X - a wand of mindburst (9)
Scrolls
 d - a scroll of identify
 g - 5 scrolls of fog
 h - 9 scrolls of teleportation
 i - 4 scrolls of noise {unknown}
 j - 5 scrolls of poison
 t - 3 scrolls of amnesia {unknown}
 u - 3 scrolls of fear
 x - 3 scrolls of enchant armour
 D - 3 scrolls of magic mapping {unknown}
 F - 2 scrolls of enchant weapon {unknown}
 I - a scroll of summoning
 N - a scroll of brand weapon {unknown}
 V - a scroll of silence {unknown}
 Z - a scroll of blinking {unknown}
Potions
 b - 2 potions of berserk rage {unknown}
 e - a potion of might {unknown}
 f - 2 potions of cancellation {unknown}
 m - 2 potions of heal wounds
 n - 4 potions of attraction {unknown}
 p - 3 potions of degeneration {unknown}
 s - 2 potions of lignification {unknown}
 v - a potion of ambrosia {unknown}
 w - 7 potions of curing
 z - 3 potions of flight {unknown}
 B - 2 potions of brilliance {unknown}
 H - a potion of invisibility {unknown}


   Skills:
 + Level 7.1 Fighting
 + Level 8.8 Axes
 + Level 9.0 Dodging
 + Level 3.0 Stealth
 + Level 1.4 Shields
 + Level 13.2 Unarmed Combat


You had 11 spell levels left.
You didn't know any spells.
Your spell library was empty.

Dungeon Overview and Level Annotations

Branches:
Dungeon (12/15)            Temple (0/1) D:4            Lair (0/6) D:10
    Orc (0/2) D:12        Gauntlet (visited)

Altars:
Kikubaaqudgha
Qazlal
Sif Muna

Shops:
D:9 *(   D:11 [

Annotations:
D:12 OTABOTABOTAB's ghost, journeyman DECj; pgiattino's ghost, journeyman DgCj


Innate Abilities, Weirdness & Mutations

You are too large for most types of armour.
You have claws for hands.
Your natural rate of healing is unusually fast.
You are covered in fur. (AC +1)
You have tough skin. (AC +1)
You have a pair of small horns on your head.
You expend magic power (3 MP) to strengthen your wands.


Message History

The daeva calls down the wrath of the Shining One upon you.
The Shining One smites you! The daeva blocks your attack.
The daeva is lightly wounded.
The daeva closely misses you. The daeva barely misses you.
You hit the daeva but do no damage.
The daeva is lightly wounded.
The daeva calls down the wrath of the Shining One upon you.
The Shining One smites you!
* * * LOW HITPOINT WARNING * * *
You hit the daeva.
The daeva is lightly wounded.
The daeva completely misses you. You block the daeva's attack.
A red film seems to cover your vision as you go berserk!
You feel yourself moving faster!
You feel mighty!
The daeva calls down the wrath of the Shining One upon you.
The Shining One smites you!
* * * LOW HITPOINT WARNING * * *
You closely miss the daeva.
The daeva is lightly wounded.
The daeva hits you with a +3 scimitar of holy wrath!!
* * * LOW HITPOINT WARNING * * *
The daeva closely misses you.
An ancient zyme comes into view.
You feel yourself growing ill in the presence of the ancient zyme.
You closely miss the daeva. Your headbutt misses the daeva.
The daeva is lightly wounded.
The daeva hits you but does no damage. x2
The daeva blocks your attack.
You headbutt the daeva, but do no damage.
The daeva is lightly wounded.
You slash the daeva! The daeva blocks your attack. x2
The daeva is lightly wounded.
The daeva hits you with a +3 scimitar of holy wrath.
* * * LOW HITPOINT WARNING * * *
The daeva closely misses you.
You slash the daeva!
The daeva is poisoned.
You headbutt the daeva!!
The daeva is moderately wounded.
The daeva hits you with a +3 scimitar of holy wrath!!
You die...

# . #.
##.. #
.##...##
#.# .....
.# ..
...#...
#.##....#
#.@#..#
#.##A#.#
# # x..#
#.#..# ##
# #X#..#
.# # #. .
#.# #. #
#.A.
##..##
#.. ...##
X# #. #.


You could see a daeva (very poisoned) and an ancient zyme.

Vanquished Creatures
  Gastronok (D:9)
  A minotaur (Gauntlet)
  Harold (D:10)
  2 hydras
  2 two-headed ogres
  2 thrashing horrors (Abyss:4)
  A wretched star (Abyss:4)
  Amaemon (D:9)
  Lodul (D:10)
  2 deep elf pyromancers (D:12)
  An ugly thing (D:11)
  2 cyclopes
  2 orange demons
  A torpor snail (Gauntlet)
  2 efreet
  Maggie (D:10)
  2 kobold demonologists (D:12)
  A komodo dragon (D:12)
  2 tengu conjurers (D:12)
  3 trolls
  Grinder (D:3)
  5 slime creatures (D:10)
  4 raiju (Abyss:4)
  3 shadows (D:11)
  2 wraiths
  22 yaks
  A basilisk (D:11)
  A vampire (D:12)
  A wyvern (D:7)
  A fire elemental (Gauntlet)
  Grum (D:8)
  3 steam dragons
  4 vampire mosquitoes (D:11)
  A large abomination (Abyss:4)
  3 hell hounds (Gauntlet)
  2 wargs (D:12)
  Duvessa (D:6)
  3 water moccasins
  2 orc warriors
  4 black bears
  3 sky beasts
  4 wolves (D:8)
  8 ogres (D:10)
  5 centaurs
  A phantom (D:5)
  A kobold brigand (D:8)
  9 bullfrogs
  5 gnoll sergeants
  Blork the orc (D:6)
  5 scorpions
  Dowan (D:6)
  3 killer bees (D:11)
  10 howler monkeys
  3 starcursed masses (Abyss:4)
  A jelly (D:6)
  9 orc priests
  5 hounds
  A small abomination (Abyss:4)
  3 iguanas (D:5)
  9 orc wizards
  9 adders
  15 gnolls
  A white imp (D:7)
  2 ufetubi
  A dart slug (D:5)
  34 orcs
  8 endoplasms
  6 giant cockroaches
  6 hobgoblins
  4 jackals (D:1)
  11 kobolds
  3 training dummies (D:9)
  5 ball pythons
  2 bats
  2 frilled lizards
  3 goblins
  4 rats
299 creatures vanquished.

Vanquished Creatures (others)
  30 fungi (D:10)
  42 plants (D:10)
72 creatures vanquished.

Grand Total: 371 creatures vanquished

Notes
Turn   | Place    | Note
-------+----------+-------------------------------------------
     0 | D:1      | happo123 the Troll Berserker began the quest for the Orb.
     0 | D:1      | Reached XP level 1. HP: 22/22 MP: 0/0
   154 | D:1      | Reached XP level 2. HP: 29/29 MP: 1/1
   266 | D:1      | You fall into a shaft and drop 1 floor!
   453 | D:2      | Identified the +0 helmet of Rationality {Str+3}
   487 | D:2      | Reached XP level 3. HP: 34/36 MP: 2/2
   504 | D:2      | Found a faded altar of an unknown god.
   510 | D:2      | Reached ** piety under Trog
   730 | D:2      | Found a shimmering blue altar of Sif Muna.
  1032 | D:3      | Found an ancient bone altar of Kikubaaqudgha.
  1088 | D:3      | Reached XP level 4. HP: 41/44 MP: 3/3
  1186 | D:3      | Noticed Grinder
  1191 | D:3      | Reached skill level 4 in Unarmed Combat
  1196 | D:3      | Killed Grinder
  1197 | D:3      | Reached skill level 5 in Unarmed Combat
  1197 | D:3      | Reached XP level 5. HP: 34/53 MP: 4/4
  1197 | D:3      | Reached XP level 6. HP: 39/61 MP: 5/5
  1594 | D:4      | Reached skill level 1 in Stealth
  1672 | D:4      | Found a staircase to the Ecumenical Temple.
  1797 | D:5      | Entered Level 5 of the Dungeon
  1882 | D:5      | Reached skill level 6 in Unarmed Combat
  1882 | D:5      | Reached XP level 7. HP: 55/67 MP: 6/6
  2172 | D:5      | Reached *** piety under Trog
  2173 | D:5      | Reached skill level 7 in Unarmed Combat
  2506 | D:6      | Reached XP level 8. HP: 75/75 MP: 7/7
  2521 | D:6      | Noticed Dowan
  2522 | D:6      | Noticed Duvessa
  2530 | D:6      | Killed Duvessa
  2541 | D:6      | Killed Dowan
  2589 | D:6      | Reached skill level 5 in Dodging
  2589 | D:6      | Reached skill level 8 in Unarmed Combat
  2715 | D:6      | Noticed Blork the orc
  2744 | D:6      | Killed Blork the orc
  3071 | D:7      | Reached skill level 9 in Unarmed Combat
  3073 | D:7      | Reached XP level 9. HP: 84/84 MP: 8/8
  3431 | D:7      | Reached skill level 10 in Unarmed Combat
  3668 | D:8      | Noticed Grum
  3679 | D:8      | Killed Grum
  3711 | D:8      | Reached **** piety under Trog
  3799 | D:8      | Reached XP level 10. HP: 44/94 MP: 3/9
  3800 | D:8      | Reached skill level 1 in Axes
  4026 | D:8      | Noticed a cyclops
  4046 | D:8      | Killed a cyclops
  4047 | D:8      | Reached skill level 11 in Unarmed Combat
  4562 | D:8      | Gained mutation: Your spells are a little harder to cast,
                  | but a little more powerful. [potion of mutation]
  4563 | D:8      | Lost mutation: Your spells are a little harder to cast, but
                  | a little more powerful. [potion of mutation]
  4563 | D:8      | Gained mutation: You have a pair of small horns on your
                  | head. [potion of mutation]
  4563 | D:8      | Gained mutation: You expend magic power (3 MP) to
                  | strengthen your wands. [potion of mutation]
  4685 | D:9      | Found Qooc's Assorted Antiques.
  4742 | D:9      | Reached skill level 5 in Fighting
  4829 | D:9      | Noticed an orange demon
  4830 | D:9      | Noticed Amaemon
  4842 | D:9      | Killed Amaemon
  4847 | D:9      | Killed an orange demon
  4995 | D:9      | Found a stormy altar of Qazlal.
  5034 | D:9      | Found Guiguat's Firing Range.
  5179 | D:9      | Noticed Gastronok
  5186 | D:9      | Killed Gastronok
  5187 | D:9      | Reached skill level 12 in Unarmed Combat
  5788 | D:10     | Entered Level 10 of the Dungeon
  5789 | D:10     | Noticed a two-headed ogre
  5792 | D:10     | Reached XP level 11. HP: 98/104 MP: 10/10
  5802 | D:10     | Killed a two-headed ogre
  5913 | D:10     | Noticed Lodul
  5918 | D:10     | Killed Lodul
  5972 | D:10     | Noticed Harold
  5987 | D:10     | Killed Harold
  5988 | D:10     | Reached skill level 13 in Unarmed Combat
  6116 | D:10     | Noticed Maggie
  6124 | D:10     | Killed Maggie
  6152 | D:10     | Reached ***** piety under Trog
  6217 | D:10     | Found a staircase to the Lair.
  6240 | D:10     | Reached skill level 5 in Axes
  6754 | D:11     | Reached XP level 12. HP: 80/114 MP: 11/11
  6904 | D:11     | Noticed a two-headed ogre
  6913 | D:11     | Killed a two-headed ogre
  7343 | D:11     | Found the +4 robe of Augmentation {Str+4 Int+4 Dex+4}
  7418 | D:11     | Found Wotiw's Armour Shop.
  7688 | D:12     | Found a staircase to the Orcish Mines.
  7824 | D:12     | Noticed a seven-headed hydra
  7834 | D:12     | Killed a ten-headed hydra
  7834 | D:12     | Received a gift from Trog
  7839 | D:12     | Found a runed translucent gate.
  7839 | D:12     | Found a runed translucent gate.
  7839 | D:12     | Found a runed translucent gate.
  7848 | D:12     | Noticed OTABOTABOTAB's ghost (journeyman DECj)
  7851 | D:12     | Noticed pgiattino's ghost (journeyman DgCj)
  7853 | D:12     | Found a gate leading to a gauntlet.
  7860 | Gauntlet | Entered a Gauntlet
  7860 | Gauntlet | Noticed a four-headed hydra
  7860 | Gauntlet | Found a transporter.
  7863 | Gauntlet | Found a transporter.
  7931 | Gauntlet | Found a transporter.
  7934 | Gauntlet | Found a transporter.
  7936 | Gauntlet | Found a large runed translucent door.
  7936 | Gauntlet | Found a large runed translucent door.
  7937 | Gauntlet | Found a large runed translucent door.
  7937 | Gauntlet | Found a large runed translucent door.
  7954 | Gauntlet | Killed a six-headed hydra
  7975 | Gauntlet | Found a runed translucent door.
  7975 | Gauntlet | Found a runed translucent door.
  7975 | Gauntlet | Found a large runed translucent door.
  7975 | Gauntlet | Found a large runed translucent door.
  7975 | Gauntlet | Found a large runed translucent door.
  7975 | Gauntlet | Found a large runed translucent door.
  7975 | Gauntlet | Found a large runed translucent door.
  7975 | Gauntlet | Found a large runed translucent door.
  7976 | Gauntlet | Found a large runed translucent door.
  7976 | Gauntlet | Found a large runed translucent door.
  7977 | Gauntlet | Found a large runed translucent door.
  7977 | Gauntlet | Found a large runed translucent door.
  7977 | Gauntlet | Found a large runed translucent door.
  7977 | Gauntlet | Found a large runed translucent door.
  7978 | Gauntlet | Found a runed translucent gate.
  7978 | Gauntlet | Found a runed translucent gate.
  7978 | Gauntlet | Found a runed translucent gate.
  7979 | Gauntlet | Found a transporter.
  8004 | Gauntlet | Reached skill level 1 in Shields
  8113 | Gauntlet | Identified the +1 leather armour of Pan-Flutes {Harm
                  | Rampage Will++ Str-5}
  8113 | Gauntlet | Noticed a minotaur
  8120 | Gauntlet | Killed a minotaur
  8128 | Gauntlet | Identified the +0 helmet "Ceus" {Rampage rPois Str-3 Int+7}
  8128 | Gauntlet | Identified the -4 pair of gloves of the Pits of Slime
                  | {-Tele +Inv Regen+ Slay+2}
  8447 | D:12     | Cast into level 4 of the Abyss (pgiattino's ghost)
  8453 | Abyss:4  | Noticed a starcursed mass
  8459 | Abyss:4  | Paralysed by accursed screaming for 1 turns
  8481 | Abyss:4  | Killed a starcursed mass
  8484 | Abyss:4  | Noticed an ophan
  8617 | Abyss:4  | Noticed a daeva
  8648 | Abyss:4  | Slain by a daeva

Illustrated notes

Levels and vault maps discovered:
D:1:      onia_arrival_mini_spirals, layout_basic, serial_shops,
          nicolae_shop_trees, chequers_mini_garden, amcnicky_mini_pool_small,
          minmay_close_crescents
D:2:      layout_loops_ring, hellmonk_ecumenical_altar_crossroads, basic_altar
D:3:      layout_rooms, nicolae_kikubaaqudgha_miasma_corner,
          kennysheep_generic_room_4, uniq_grinder
D:4:      layout_rooms, temple_fountains
D:5:      layout_gridville
D:6:      layout_basic, uniq_blork_the_orc, uniq_duvessa
D:7:      minmay_clustersquares, layout_rooms, wad_rectangle_vault
D:8:      layout_gridville, uniq_grum
D:9:      layout_stronghold, mainiacjoe_overflow_alcove_2, serial_shops, shop,
          nicolae_shop_firing_range, uniq_amaemon, uniq_gastronok
D:10:     layout_roguey, due_lair_maze_entry_diamond, roderic_lattice_a,
          uniq_lodul, uniq_harold, uniq_maggie
D:11:     layout_stronghold, serial_shops, nicolae_shop_trees,
          kennysheep_another_room
D:12:     layout_big_octagon, erik_orc_4, gauntlet_entry_generic,
          gammafunk_ghost_cemetery
Abyss:4:  base: D:11, patterned_corridor

Skill      XL: |  1  2  3  4  5  6  7  8  9 10 11 12 |
---------------+-------------------------------------+-----
Dodging        | 3 4 5 7 8 9 |  9.0
Unarmed Combat | 5 6 7 9 10 12 13 | 13.2
Fighting       | 3 4 5 6 7 |  7.1
Stealth        | 1 2 3 |  3.0
Axes           | 2 6 8 |  8.8
Shields        | 1 |  1.4

Action                   |  1- 3 |  4- 6 |  7- 9 | 10-12 || total
-------------------------+-------+-------+-------+-------++-------
Melee: Unarmed           |    81 |    66 |   207 |   167 ||   521
       Punch             |     1 |     1 |     6 |    36 ||    44
       War axe           |       |       |    16 |   329 ||   345
       Headbutt          |       |       |       |    91 ||    91
Invok: Berserk           |       |       |     3 |    13 ||    16
       Trog's Hand       |       |       |       |     3 ||     3
  Use: Scroll            |       |       |       |    14 ||    14
       Potion            |       |       |       |     3 ||     3
 Stab: Sleeping          |     2 |       |     3 |     2 ||     7
Armor: Animal skin       |    27 |    31 |    57 |       ||   115
       Steam dragon scal |       |       |    62 |   172 ||   234
       Robe              |       |       |       |   138 ||   138
Dodge: Dodged            |    36 |    50 |   155 |   350 ||   591
Block: Other             |       |       |       |    54 ||    54
       Reflection        |       |       |       |     1 ||     1

Table legend: (Time is in decaauts)
 A = Elapsed time spent in this place.
 B = Non-inter-level travel time spent in this place.
 C = Inter-level travel time spent in this place.
 D = Time resting spent in this place.
 E = Time spent auto-exploring this place.
 F = Levels seen in this place.
 G = Mean time per level.
                   A        B        C        D        E       F      G
               +--------+--------+--------+--------+--------+-----+--------+
         Total |   9025 |   8012 |   1013 |    128 |   5720 |  14 |  644.6 |
       Dungeon |   8504 |   7491 |   1013 |     47 |   5647 |  12 |  708.7 |
         Abyss |    213 |    213 |      0 |     54 |     12 |   1 |  213.0 |
      Gauntlet |    307 |    307 |      0 |     27 |     60 |   1 |  307.0 |
               +--------+--------+--------+--------+--------+-----+--------+

Top non-repeatable levels by time:
     D:9: 1316 daAuts
    D:11: 1063 daAuts
    D:10: 1009 daAuts
     D:8: 1004 daAuts
     D:2: 715 daAuts
     D:7: 674 daAuts
     D:5: 612 daAuts
    D:12: 563 daAuts
     D:6: 473 daAuts
     D:3: 444 daAuts
     D:4: 363 daAuts
Gauntlet: 307 daAuts
     D:1: 264 daAuts
 Abyss:4: 213 daAuts
